 Dungeon Crawl Stone Soup version 0.31-a0-844-gdc52ec4e09 (webtiles) character file.

Game seed: 14919758453193626839

247 cowhearter the Cutter (level 5, -5/42 HPs)
             Began as a Demonspawn Monk on Sept 29, 2023.
             Slain by an iguana (12 damage)
             ... on level 5 of the Dungeon.
             The game lasted 00:06:47 (3809 turns).

cowhearter the Cutter (Demonspawn Monk)             Turns: 3809, Time: 00:06:47

Health: -5/42      AC:  3    Str: 11    XL:     5   Next: 85%
Magic:  5/5        EV: 13    Int: 11    God:
Gold:   128        SH:  0    Dex: 18    Spells: 4/4 levels left

rFire   . . .        y - +0 rapier
rCold   . . .        d - orb {light}
rNeg    . . .        b - +0 robe
rPois   .            (no helmet)
rElec   .            (no cloak)
rCorr   .            m - +0 pair of gloves
SInv    .            (no boots)
Will    .....        (no amulet)
Stlth   +            (no ring)
HPRegen 0.27/turn    (no ring)
MPRegen 0.09/turn

%: no passive effects
@: glowing
A: claws 1, hooves 2
a: no special abilities


You were on level 5 of the Dungeon.
You visited 1 branch of the dungeon, and saw 5 of its levels.

You collected 128 gold pieces.

Inventory:

Hand Weapons
 a - a +0 short sword
 y - a +0 rapier (weapon)
Armour
 b - a +0 robe (worn)
 d - an orb of light (worn)
 m - a +0 pair of gloves (worn)
 A - a scarf of invisibility
Magical Staves
 i - a staff of fire
Jewellery
 r - a ring of flight
Wands
 v - a wand of mindburst (13)
Scrolls
 e - a scroll of fear {unknown}
 f - 8 scrolls of identify {unknown}
 g - a scroll of blinking {unknown}
 h - 2 scrolls of teleportation {unknown}
 j - a scroll of enchant weapon {unknown}
 l - 2 scrolls of noise {unknown}
 n - 2 scrolls of amnesia {unknown}
 s - a scroll of silence {unknown}
 t - 2 scrolls of immolation {unknown}
 w - a scroll of vulnerability {unknown}
 z - a scroll of revelation {unknown}
Potions
 c - a potion of ambrosia
 k - a potion of might {unknown}
 o - a potion of enlightenment {unknown}
 p - a potion of mutation {unknown}
 q - 3 potions of brilliance {unknown}
 u - a potion of heal wounds {unknown}
 x - a potion of curing {unknown}
 B - a potion of attraction {unknown}


   Skills:
 + Level 4.0 Fighting
 * Level 4.8 Short Blades
 + Level 3.6 Dodging
 + Level 0.7 Stealth


You had 4 spell levels left.
You didn't know any spells.
Your spell library contained the following spells:

 Spells                   Type           Power      Damage    Failure   Level
 Ensorcelled Hibernation  Hex/Ice        0%         N/A       47%         2
 Passwall                 Tmut/Erth      0%         N/A       47%         2
 Swiftness                Air            0%         N/A       71%         3


Dungeon Overview and Level Annotations

Branches:
Dungeon (5/15)
 Temple: D:4-7

Altars:
Nemelex Xobeh


Innate Abilities, Weirdness & Mutations

You have sharp fingernails.
You have hoof-like feet.


Message History

The hound bites you but does no damage.
You hit the hound. You kick the hound, but do no damage.
The hound is lightly wounded.
The hound misses you.
You hit the hound but do no damage. Your kick misses the hound.
The hound is lightly wounded.
The hound bites you but does no damage.
You hit the hound. You kick the hound.
The hound is severely wounded.
The hound barely misses you. The hound closely misses you.
You closely miss the hound.
The hound is severely wounded.
The hound barely misses you.
You hit the hound but do no damage. Your kick misses the hound.
The hound is severely wounded.
The hound bites you. The hound misses you.
You hit the hound. You kick the hound.
You kill the hound!
Your Fighting skill increases to level 4!
You see here a hound corpse.
You start resting.
HP restored.
An iguana comes into view.
The iguana hisses angrily.
The iguana closely misses you.
You barely miss the iguana. The iguana bites you!
You hit the iguana but do no damage. You kick the iguana.
The iguana is moderately wounded.
The iguana misses you.
You barely miss the iguana. Your kick misses the iguana.
The iguana is moderately wounded.
The iguana bites you!
You completely miss the iguana.
The iguana is moderately wounded.
The iguana bites you!
* * * LOW HITPOINT WARNING * * *
You hit the iguana.
The iguana is heavily wounded.
The iguana misses you. The iguana attacks as it pursues you!
The iguana bites you!
You die...

.. .. .. .# ##.#. #.
..# #.#$# .#... #.#.##
#.#..
#####.#.#####.#.#
#..#....#..#....#
#......##.....####
#..#....#..#........
...##..l@..##.†....##.
..........#.#...#..#.#
..........#.#.#.#.## #
..........#.#...#..
..........#.#.#.####
.........#.#<...#
.........#.######
....... ..


You could see an iguana.

Vanquished Creatures
  A hound (D:5)
  A jelly (D:4)
  An iguana (D:4)
  Jessica (D:3)
  Natasha (D:3)
  Robin (D:2)
  2 adders (D:2)
  3 dart slugs
  3 orcs
  7 endoplasms
  3 giant cockroaches (D:2)
  10 goblins
  10 hobgoblins
  3 quokkas
  7 ball pythons
  7 bats
  3 frilled lizards
  4 kobolds
  5 rats
73 creatures vanquished.

Notes
Turn   | Place    | Note
-------+----------+-------------------------------------------
     0 | D:1      | cowhearter the Demonspawn Monk began the quest for the Orb.
     0 | D:1      | Reached XP level 1. HP: 18/18 MP: 1/1
   207 | D:1      | Discovered your monstrous ancestry.
   207 | D:1      | Gained mutation: You have sharp fingernails. [demonic
                  | ancestry]
   207 | D:1      | Reached XP level 2. HP: 23/24 MP: 2/2
  1101 | D:2      | Reached XP level 3. HP: 29/29 MP: 3/3
  1775 | D:3      | Noticed Robin
  1926 | D:2      | Gained mutation: You have large cloven feet. [demonic
                  | ancestry]
  1926 | D:2      | Reached XP level 4. HP: 23/35 MP: 4/4
  2021 | D:2      | Killed Robin
  2308 | D:3      | Noticed Jessica
  2310 | D:3      | Killed Jessica
  2482 | D:3      | Noticed Natasha
  2491 | D:3      | Killed Natasha
  2492 | D:3      | Gained mutation: You have hoof-like feet. [demonic
                  | ancestry]
  2492 | D:3      | Reached XP level 5. HP: 14/42 MP: 5/5
  2719 | D:3      | Found a sparkling altar of Nemelex Xobeh.
  3778 | D:5      | Entered Level 5 of the Dungeon
  3809 | D:5      | Slain by an iguana

Illustrated notes

Levels and vault maps discovered:
D:1:      scummos_arrival_checkerplants, layout_basic
D:2:      layout_loops_corners, minmay_joined_circles
D:3:      layout_rooms, nemelex_dance_club_becter, uniq_robin, uniq_natasha,
          uniq_jessica
D:4:      layout_loops_ring, serial_glass, glass_columns_b, glass_columns_b
D:5:      layout_basic, nicolae_houndstooth_variations, uniq_edmund

Skill      XL: |  1  2  3  4  5 |
---------------+----------------+-----
Short Blades   | 3 4 |  4.8
Dodging        | 3 |  3.6
Fighting       | 4 |  4.0
Stealth        | |  0.7

Action                     |  1- 3 |  4- 6 || total
---------------------------+-------+-------++-------
  Melee: Short sword       |   180 |    93 ||   273
         Kick              |       |    33 ||    33
         Rapier            |       |    19 ||    19
   Stab: Sleeping          |     1 |       ||     1
 Armour: Robe              |    94 |    53 ||   147
  Dodge: Dodged            |   140 |    64 ||   204

Table legend: (Time is in decaauts)
 A = Elapsed time spent in this place.
 B = Non-inter-level travel time spent in this place.
 C = Inter-level travel time spent in this place.
 D = Time resting spent in this place.
 E = Time spent auto-exploring this place.
 F = Levels seen in this place.
 G = Mean time per level.
                   A        B        C        D        E       F      G
               +--------+--------+--------+--------+--------+-----+--------+
         Total |   3767 |   3649 |    118 |    804 |   2124 |   5 |  753.4 |
       Dungeon |   3767 |   3649 |    118 |    804 |   2124 |   5 |  753.4 |
               +--------+--------+--------+--------+--------+-----+--------+

Top non-repeatable levels by time:
     D:2: 1539 daAuts
     D:4: 819 daAuts
     D:3: 805 daAuts
     D:1: 572 daAuts
     D:5: 30 daAuts
